 Dungeon Crawl Stone Soup version 0.31.0-11-ge490571c62 (webtiles) character file.

Game seed: 5622472379712631541

164 Daunt the Trooper (level 5, -13/46 HPs)
             Began as a Formicid Shapeshifter on Feb 3, 2024.
             Mangled by a hornet (14 damage)
             ... on level 4 of the Dungeon.
             The game lasted 00:12:44 (1904 turns).

Daunt the Trooper (Formicid Shapeshifter)           Turns: 1904, Time: 00:12:45

Health: -13/46     AC:  3    Str: 20    XL:     5   Next: 73%
Magic:  5/5        EV: 11    Int: 10    God:
Gold:   189        SH:  0    Dex: 13    Spells: 4/4 levels left

rFire   . .          .
                       - Unarmed
rCold   . . .        (no shield)
rNeg    . . .        r - +0 leather armour
rPois   .            (helmet unavailable)
rElec   .            (cloak currently unavailable)
rCorr   .            (gloves currently unavailable)
SInv    +            (boots currently unavailable)
Will    .....        (no amulet)
Stlth   +            (no ring)
HPRegen 0.27/turn    (no ring)
MPRegen 0.09/turn

%: no passive effects
@: beast-form, invisible
A: beast (slay +1), permanent stasis, dig shafts and tunnels, antennae 3, four
strong arms
a: Dig, Shaft Self, Begin Untransformation


You were on level 4 of the Dungeon.
You were a hulking beast.
You visited 1 branch of the dungeon, and saw 4 of its levels.

You collected 189 gold pieces.

Inventory:

Hand Weapons
 a - a +0 sling
 h - a +0 war axe
 v - a +0 quarterstaff
Missiles
 f - 55 stones
 g - 12 poisoned darts
 q - 3 javelins
Armour
 i - a +0 pair of boots
 n - a +0 animal skin
 r - a +0 leather armour (worn)
Talismans
 c - a beast talisman
 d - a flux talisman
Scrolls
 b - a scroll of fear
 e - a scroll of torment
 j - a scroll of brand weapon
 l - a scroll of poison
 m - 2 scrolls of enchant armour
 o - a scroll of immolation {unknown}
 p - a scroll of blinking {unknown}
Potions
 k - a potion of heal wounds
 s - a potion of invisibility
 t - a potion of mutation {unknown}
 u - a potion of curing


   Skills:
 - Level 5.7 Fighting
 + Level 0.0 Axes
 - Level 1.7 Dodging
 - Level 3.0 Unarmed Combat
 - Level 3.2 Shapeshifting


You had 4 spell levels left.
You didn't know any spells.
Your spell library contained the following spells:

 Spells                   Type           Power      Damage    Failure   Level
 Sublimation of Blood     Necr           0%         N/A       56%         2
 Dazzling Flash           Conj/Hex       0%         N/A       80%         3
 Mephitic Cloud           Conj/Alch/Air  0%         N/A       80%         3
 Petrify                  Alch/Erth      0%         N/A       99%         4
 Curse of Agony           Necr           0%         N/A       100%        5
 Irradiate                Conj/Alch      0%         3d11      100%        5
 Silence                  Hex/Air        0%         N/A       100%        5


Dungeon Overview and Level Annotations

Branches:
Dungeon (4/15)
 Temple: D:4-7

Altars:
Wu Jian

Annotations:
D:4 Pikel


Innate Abilities, Weirdness & Mutations

You are a hulking beast.
Your limbs bulge with bestial killing power. (Slay +1)
You cannot be hasted, slowed, berserked, paralysed or teleported.
You can dig through walls and to a lower floor.
You have a pair of large antennae on your head. (SInv)
Your four strong arms can wield two-handed weapons with a shield.


Message History

You hit the scorpion but do no damage.
The scorpion is heavily wounded.
The scorpion barely misses you.
You hit the scorpion.
The scorpion is severely wounded.
The scorpion stings you but does no damage.
You hit the scorpion.
The scorpion is almost dead.
The scorpion stings you. The scorpion barely misses you.
You hit the scorpion.
You kill the scorpion!
Your Fighting skill increases to level 5!
A hornet comes into view.
The hornet buzzes angrily.
Okay, then.
Unknown command.
Press: ? - help, v - describe, . - travel
Here: a hornet The floor.
You fade into invisibility!
You hit the hornet.
The hornet is lightly wounded.
The hornet closely misses you.
You hit the hornet but do no damage.
The hornet is lightly wounded.
The hornet stings you!
You are poisoned.
Your stasis prevents you from being slowed.
It was a potion of curing.
You feel better. The hornet misses you. The hornet stings you!
Your stasis prevents you from being slowed.
The hornet closely misses you. The hornet barely misses you.
The hornet misses you. The hornet stings you!
* * * LOW HITPOINT WARNING * * *
Your stasis prevents you from being paralysed.
Unknown command.
The hornet stings you!
You die...

#.#.#.# #.#.#.##
###...... .......
#..# #.#..####.#
#..# #.........#
#..# ##..########
#..#
######........y.#
#..#
#........######h#
#..# ...####..##
#.#####..# #..#
#........# #..#
########.# ...#
#)# ###.#
##########.# #.#
.......<...# #.#
############ #..


You could see a hornet (unable to see you).

Vanquished Creatures
  A scorpion (D:4)
  4 adders
  2 dart slugs
  2 ribbon worms (D:3)
  5 endoplasms
  A giant cockroach (D:1)
  9 goblins
  5 hobgoblins
  4 jackals
  9 kobolds
  A quokka (D:1)
  5 ball pythons
  5 bats
  2 frilled lizards
  5 rats
60 creatures vanquished.

Notes
Turn   | Place    | Note
-------+----------+-------------------------------------------
     0 | D:1      | Daunt the Formicid Shapeshifter began the quest for the
                  | Orb.
     0 | D:1      | Reached XP level 1. HP: 15/15 MP: 1/1
    86 | D:1      | Reached skill level 2 in Fighting
   110 | D:2      | Reached XP level 2. HP: 22/22 MP: 2/2
   293 | D:1      | Found a faded altar of an unknown god.
   344 | D:1      | Reached skill level 3 in Fighting
   344 | D:1      | Reached XP level 3. HP: 20/29 MP: 3/3
   859 | D:2      | Reached XP level 4. HP: 37/37 MP: 4/4
   938 | D:2      | Reached skill level 4 in Fighting
  1402 | D:3      | Found an ornate altar of the Wu Jian Council.
  1664 | D:3      | Reached XP level 5. HP: 43/43 MP: 5/5
  1802 | D:4      | Noticed Pikel
  1802 | D:4      | Noticed a lemure
  1802 | D:4      | Noticed a lemure
  1889 | D:4      | Reached skill level 5 in Fighting
  1889 | D:4      | Noticed a hornet
  1902 | D:4      | HP: 1/46 [hornet (16)]
  1904 | D:4      | Mangled by a hornet

Illustrated notes

Levels and vault maps discovered:
D:1:      minmay_arrival_nine_rooms, layout_basic,
          shapermc_ecumenical_altar_mp_urbaneastern, minmay_liquid_box
D:2:      minmay_angry_zag, layout_loops_ring
D:3:      layout_basic, nzn_wu_jian_contemplation, st_stairs_8, minivault_5,
          minmay_goblin_outpost
D:4:      minmay_door_path, layout_loops_ring, uniq_pikel

Skill      XL: |  1  2  3  4  5 |
---------------+----------------+-----
Fighting       | 2 3 4 5 |  5.7
Dodging        | |  1.7
Unarmed Combat | |  3.0
Shapeshifting  | |  3.2

Action                     |  1- 3 |  4- 6 || total
---------------------------+-------+-------++-------
  Melee: Unarmed           |    73 |    63 ||   136
         Punch             |     2 |       ||     2
   Fire: Sling             |     1 |    54 ||    55
    Use: Scroll            |     4 |     5 ||     9
         Potion            |     1 |     2 ||     3
   Stab: Sleeping          |     3 |       ||     3
 Armour: Animal skin       |    36 |    23 ||    59
         Skin              |     7 |       ||     7
         Leather armour    |       |    20 ||    20
  Dodge: Dodged            |    42 |    49 ||    91
